Map: Prion Terraces

Players

Mindele

  • Race: Terran Terran
  • League: Bronze

SwankyTiger - Winner!

  • Race: Zerg Zerg

VOD

Have the link to the VOD?

Description

Time

  • Played on: May 14, 2016, 7:49 p.m.
  • Length: 11:13
Show
View Real Time Build Order
Export as new Build Order

Mindele Terran 

Build Orders:  

Get SALT Encoding   

  12  0:01  SCV  
  13  0:13  SCV  
  14  0:18  Supply Depot  
  14  0:25  SCV  
  15  0:40  SCV  
  15  0:42  Barracks  
  16  0:52  SCV  
  16  0:56  Barracks  
  17  1:05  SCV  
  18  1:17  SCV  
  19  1:31  Supply Depot  
  19  1:34  Orbital Command  
  19  1:39  Marine  
  20  1:42  Refinery  
  20  1:45  Marine  
  21  2:01  Refinery, Marine  
  21  2:03  SCV  
  23  2:14  Marine  
  23  2:15  SCV  
  25  2:19  Barracks  
  25  2:22  Marine  
  26  2:27  SCV  
  26  2:28  Supply Depot  
  27  2:34  Marine  
  28  2:39  SCV  
  28  2:43  Reaper  
  30  2:50  Supply Depot  
  30  2:51  SCV  
  30  2:52  Reaper  
  32  3:03  SCV  
  32  3:04  Barracks  
  33  3:06  Marine  
  34  3:15  Marine  
  34  3:16  SCV  
  34  3:18  Supply Depot  
  36  3:24  Marine x2  
  38  3:28  SCV  
  39  3:40  SCV  
  39  3:41  Supply Depot  
  40  3:47  Marine x3  
  40  3:48  Barracks  
  43  3:52  SCV  
  43  3:53  Marine  
  45  4:04  Marine  
  46  4:14  SCV  
  47  4:18  Supply Depot  
  47  4:26  SCV  
  47  4:29  Marine x3  
  47  4:30  Marine  
  51  4:47  Marine x2  
  51  4:49  Supply Depot  
  53  4:53  Marine x2  
  55  5:07  Marine x2  
  55  5:12  SCV  
  55  5:13  Marine  
  59  5:14  Marine  
  59  5:16  Supply Depot  
  60  5:24  SCV  
  60  5:33  Marine x2  
  60  5:34  Marine x2  
  63  5:36  SCV  
  63  5:41  Marine  
  65  6:01  Marine  
  65  6:02  Marine x2  
  60  6:04  Marine  
  56  6:24  Marine x4  
  58  6:30  Marine  
  57  6:42  Marine  
  53  6:50  Marine x3  
  53  6:51  Marine  
  57  6:59  Marine  
  48  7:14  Marine  
  48  7:15  Marine x3  
  48  7:18  SCV  
  48  7:19  Marine  
  48  7:22  Supply Depot  
  51  7:30  SCV  
  51  7:32  Factory  
  51  7:35  Marine x2  
  51  7:36  Marine x2  
  56  7:37  Marine  
  57  7:51  SCV  
  57  7:53  Marine x2  
  57  7:54  Marine x2  
  57  7:55  Marine  
  63  8:10  Command Center  
  63  8:11  Marine  
  64  8:19  Marine  
  63  8:32  Marine x3  
  65  8:39  Marine  
  61  8:55  Marine x3  
  53  9:07  Marine x2  
  46  9:19  Marine  
  46  9:20  Marine x2  
  46  9:29  Marine x2  
  43  9:37  Marine  
  41  9:39  Marine x2  
  38  9:46  Marine  
  38  9:48  Orbital Command  
  37  10:16  Marine  
  38  10:33  Marine x4  
  38  10:34  Marine  
  13  10:51  Marine x2  
Show
View Real Time Build Order
Export as new Build Order

SwankyTiger Zerg - Winner!

Build Orders: Pool First 

Get SALT Encoding   

  12  0:02  Drone  
  13  0:27  Drone  
  14  0:29  Overlord  
  14  0:38  Spawning Pool  
  13  0:48  Drone  
  14  0:54  Drone x2  
  16  1:00  Extractor  
  16  1:01  Drone  
  16  1:31  Zergling x4  
  18  1:34  Drone  
  18  1:36  Hatchery  
  18  1:42  Drone  
  19  1:51  Roach Warren  
  18  2:01  Drone  
  19  2:06  Queen  
  21  2:14  Drone  
  22  2:17  Overlord  
  22  2:31  Overlord  
  22  2:34  Metabolic Boost  
  22  2:37  Zergling x2  
  22  2:55  Zergling x2  
  22  2:56  Zergling x2  
  24  3:00  Queen  
  24  3:03  Roach x2  
  30  3:11  Drone  
  30  3:12  Extractor, Drone  
  31  3:25  Drone  
  31  3:26  Drone x3  
  35  3:40  Lair  
  35  3:52  Roach  
  35  3:53  Zergling x2, Roach  
  40  4:01  Roach  
  42  4:20  Drone  
  42  4:21  Overlord x2  
  42  4:23  Overlord  
  42  4:48  Zergling x4  
  42  4:50  Roach x2  
  48  4:54  Drone x2  
  48  4:55  Drone x3  
  53  5:08  Drone x4  
  57  5:25  Overlord  
  55  5:29  Spire  
  55  5:34  Zergling x2  
  55  5:35  Zergling x8  
  55  5:44  Spine Crawler  
  55  5:45  Zergling x4  
  56  5:51  Zergling x2  
  56  5:56  Zergling x2  
  47  6:06  Zergling x2  
  47  6:07  Zergling x2  
  40  6:13  Queen  
  40  6:15  Queen  
  40  6:17  Zergling x6  
  40  6:18  Zergling x6  
  40  6:36  Roach x3  
  41  6:44  Mutalisk x2  
  43  6:50  Roach  
  43  6:58  Roach  
  42  7:10  Mutalisk x2  
  42  7:14  Drone  
  47  7:20  Queen  
  47  7:22  Drone x2  
  51  7:23  Drone  
  52  7:39  Drone x6  
  58  7:47  Zerg Flyer Armor Level 1  
  58  7:51  Zergling x4  
  58  7:55  Extractor  
  58  7:57  Extractor  
  58  8:08  Roach x2  
  62  8:13  Evolution Chamber  
  62  8:16  Evolution Chamber  
  47  8:30  Roach x6  
  54  8:40  Roach x3  
  33  9:15  Roach  
  33  9:16  Roach x5  
  39  9:28  Zergling x2  
  37  9:43  Zergling x2  
  34  9:49  Drone  
  32  10:17  Drone  
  32  10:18  Drone x3  
  27  10:41  Drone  
  24  10:57  Drone  
  24  10:58  Drone  
Tags
 
Add a new tag
Caveats
  • Supply blocks, unpowered buildings, or Contaminate may cause inaccurate times.
  • Supply counts are checked every 10 seconds.